[Event "Titled Tuesday Blitz December 20 Late 2022"]
[White "Shapiro, Daniel"]
[Black "Curtis, John"]
[WhiteFideId "2001780"]
[BlackFideId "3200256"]
[WhiteElo "2326"]
[BlackElo "2203"]
[Result "1-0"]
[Round "06"]
[TimeControl "180+1"]
[Date "2022.12.21"]
[WhiteClock "0:00:07"]
[BlackClock "0:00:03"]

1. d4 Nf6 2. c4 e6 3. g3 d5 4. Nf3 Be7 5. Bg2 O-O 6. O-O c5 7. cxd5 Nxd5 8. e4 Nf6 9. e5 Nd5 10. dxc5 Bxc5 11. a3 a6 12. Nbd2 Ne7 13. Qc2 Ba7 14. Ng5 Ng6 15. Nde4 Nc6 16. h4 Nd4 17. Qd3 h6 18. h5 hxg5 19. hxg6 g4 20. Nd6 f5 21. Be3 Nc6 22. Bxc6 bxc6 23. Rad1 Bxe3 24. Qxe3 a5 25. Kg2 Ba6 26. Rh1 Qe7 27. Rh4 f4 28. Rdh1 Qxh4 29. gxf4 Qxh1+ 30. Kxh1 Rfb8 31. Qg3 Kf8 32. Qh4 Be2 33. Qh8+ Ke7 34. Qxg7+ Kd8 35. Qf7 Bf3+ 36. Kh2 Rxb2 37. g7 Rxf2+ 38. Kg3 Rg2+ 39. Kh4 Rh2+ 40. Kg5 Rh5+ 41. Kxh5 g3+ 42. Kg5 g2 43. g8=Q# 1-0


[Site "https://www.chess.com"]

[Event "Titled Tuesday Blitz December 20 Late 2022"]
[White "Shuvalova, Polina"]
[Black "Kleinman, Michael"]
[WhiteFideId "24171760"]
[BlackFideId "2609479"]
[WhiteElo "2361"]
[BlackElo "2287"]
[Result "1-0"]
[Round "06"]
[TimeControl "180+1"]
[Date "2022.12.21"]
[WhiteClock "0:00:40"]
[BlackClock "0:00:13"]

1. d4 Nf6 2. Nf3 g6 3. c4 Bg7 4. Nc3 d5 5. e3 O-O 6. cxd5 Nxd5 7. Bc4 Nxc3 8. bxc3 c5 9. O-O Nc6 10. Qe2 Qc7 11. Ba3 b6 12. Rad1 Bb7 13. h4 Rac8 14. Bd3 Rfd8 15. Ng5 Na5 16. h5 e5 17. dxc5 bxc5 18. Qg4 e4 19. Bxe4 f5 20. Bxf5 gxf5 21. Qxf5 Qe5 22. Qxh7+ Kf8 23. Qg6 Bd5 24. Rxd5 Qxd5 25. Nh7+ Ke7 26. Qxg7+ Kd6 27. Nf6 Rg8 28. Qd7+ 1-0


[Site "https://www.chess.com"]

[Event "Titled Tuesday Blitz December 20 Late 2022"]
[White "Sielecki, Christof"]
[Black "Zakhartsov, Vladimir"]
[WhiteFideId "4620437"]
[BlackFideId "4145097"]
[WhiteElo "2577"]
[BlackElo "2826"]
[Result "0-1"]
[Round "06"]
[TimeControl "180+1"]
[Date "2022.12.21"]
[WhiteClock "0:00:10"]
[BlackClock "0:00:30"]

1. e4 e5 2. Nf3 Nc6 3. Bb5 f5 4. d3 Nf6 5. exf5 Bc5 6. Be3 d6 7. Bxc5 dxc5 8. Bxc6+ bxc6 9. O-O O-O 10. Nxe5 Bxf5 11. Nc3 Qd6 12. Nc4 Qd4 13. Qf3 Be6 14. Qxc6 Rae8 15. Ne2 Qh4 16. Ng3 Ng4 17. h3 Nf6 18. Rae1 Bxc4 19. dxc4 Qxc4 20. Rxe8 Rxe8 21. Nf5 Qxc2 22. Ne3 Qxb2 23. Qxc5 Qxa2 24. Qxc7 Qf7 25. Qa5 Ne4 26. Nf5 Rf8 27. g4 Ng5 28. Kg2 Qb7+ 29. f3 Kh8 30. Qe5 h6 31. h4 Nh7 32. Rd1 Nf6 33. g5 Ng4 0-1


[Site "https://www.chess.com"]

[Event "Titled Tuesday Blitz December 20 Late 2022"]
[White "Silva, Miguel Antonio Neto"]
[Black "Arnold, Ken"]
[WhiteFideId "1911929"]
[BlackFideId "2056836"]
[WhiteElo "2223"]
[BlackElo "2357"]
[Result "1-0"]
[Round "06"]
[TimeControl "180+1"]
[Date "2022.12.21"]
[WhiteClock "0:01:16"]
[BlackClock "0:00:35"]

1. f4 d5 2. Nf3 Nf6 3. e3 c5 4. b3 Nc6 5. Bb5 Bd7 6. Bb2 a6 7. Bxc6 Bxc6 8. O-O g6 9. d3 Bg7 10. Qe2 O-O 11. Nbd2 b5 12. Ne5 Qc7 13. Ndf3 Nd7 14. Nxd7 Bxb2 15. Nxf8 Bxa1 16. Nxg6 hxg6 17. Rxa1 Rd8 18. Ne5 d4 19. e4 e6 20. g3 Bb7 21. h4 Qe7 22. Kf2 Kg7 23. a4 f6 24. Nf3 b4 25. Nd2 e5 26. fxe5 fxe5 27. Kg2 Rf8 28. Rf1 Rxf1 29. Qxf1 Bc8 30. Nc4 Qe6 31. Qf2 Qh3+ 32. Kg1 Qe6 33. Kf1 Qh3+ 34. Ke1 Bg4 35. Nxe5 Qh1+ 36. Qf1 Qxf1+ 37. Kxf1 Bd1 38. Nd7 Bxc2 39. Nxc5 Kf6 40. Ke1 Ke5 41. Kd2 Kd6 42. Nb7+ 1-0


[Site "https://www.chess.com"]

[Event "Titled Tuesday Blitz December 20 Late 2022"]
[White "Sjugirov, Sanan"]
[Black "Carlsen, Magnus"]
[WhiteFideId "4189302"]
[BlackFideId "1503014"]
[WhiteElo "2613"]
[BlackElo "2830"]
[Result "0-1"]
[Round "06"]
[TimeControl "180+1"]
[Date "2022.12.20"]
[WhiteClock "0:00:05"]
[BlackClock "0:01:14"]

1. d4 d5 2. c4 e6 3. Nf3 Nf6 4. Nc3 c5 5. e3 a6 6. cxd5 exd5 7. Bd3 c4 8. Bc2 Bb4 9. O-O O-O 10. Ne5 Nc6 11. f4 Re8 12. Qf3 Ne7 13. g4 Bxc3 14. bxc3 Ne4 15. Bxe4 dxe4 16. Qg2 Nd5 17. Bd2 b5 18. g5 Bf5 19. h4 b4 20. cxb4 c3 21. Bc1 Nxb4 22. Rb1 Nd3 23. Rb3 Rc8 24. Qc2 Qa5 25. Ba3 Be6 26. Rfb1 Bxb3 27. Rxb3 Ne1 28. Qxe4 Qxa3 29. Rxa3 c2 30. Rc3 Rxc3 31. Qd5 Nf3+ 0-1


[Site "https://www.chess.com"]

[Event "Titled Tuesday Blitz December 20 Late 2022"]
[White "Sokolovsky, Yahli"]
[Black "Battlecruiser_Operational"]
[WhiteFideId "2820242"]
[WhiteElo "2316"]
[BlackElo "2431"]
[Result "1-0"]
[Round "06"]
[TimeControl "180+1"]
[Date "2022.12.21"]
[WhiteClock "0:00:52"]
[BlackClock "0:00:02"]

1. b3 d5 2. Bb2 Nf6 3. e3 Bf5 4. Nf3 e6 5. Nh4 Bg4 6. Be2 Bxe2 7. Qxe2 Nbd7 8. d4 Ne4 9. Nf3 Bd6 10. Nbd2 f5 11. O-O O-O 12. Ne5 Bxe5 13. dxe5 Nxd2 14. Qxd2 a5 15. c4 c6 16. Ba3 Rf7 17. Bd6 dxc4 18. Rfd1 cxb3 19. axb3 Qb6 20. Bb4 Nxe5 21. Bxa5 Qxb3 22. Bc3 Rxa1 23. Rxa1 Ng6 24. h4 Qd5 25. Qb2 Nxh4 26. Ra8+ Rf8 27. Rxf8+ Kxf8 28. Bxg7+ Ke8 29. f3 b5 30. Qa3 Ng6 31. Bd4 Qd7 32. Qa8+ Kf7 33. Bc5 e5 34. Kh2 Kg7 35. Qb8 Qd5 36. Qa7+ Kh6 37. Qa3 e4 38. f4 Kg7 39. Bd4+ Kh6 40. Qa7 Qg8 41. Bf6 1-0


[Site "https://www.chess.com"]

[Event "Titled Tuesday Blitz December 20 Late 2022"]
[White "Solon, Nathan"]
[Black "Rangel, Daniel"]
[WhiteFideId "2017229"]
[BlackFideId "2124475"]
[WhiteElo "2646"]
[BlackElo "2225"]
[Result "1-0"]
[Round "06"]
[TimeControl "180+1"]
[Date "2022.12.21"]
[WhiteClock "0:00:57"]
[BlackClock "0:00:04"]

1. Nf3 Nf6 2. g3 d5 3. Bg2 Bg4 4. O-O c6 5. h3 Bxf3 6. Bxf3 e6 7. d3 Nbd7 8. Nd2 g6 9. e4 Bg7 10. exd5 cxd5 11. Re1 O-O 12. c4 Nc5 13. Nb3 b6 14. Nxc5 bxc5 15. Be3 Rc8 16. Rc1 Qb6 17. b3 d4 18. Bf4 Rfe8 19. Rb1 Nd7 20. a3 e5 21. Bd2 f5 22. b4 Nf6 23. bxc5 Qxc5 24. Rb5 Qc7 25. Ba5 Qd6 26. Bb4 Qc7 27. Rb7 Qd8 28. Qa4 e4 29. Qxa7 Bh6 30. dxe4 fxe4 31. Bg2 e3 32. fxe3 Rxe3 33. Rxe3 dxe3 34. Kh2 e2 35. Qf2 Qd1 36. Qxf6 1-0


[Site "https://www.chess.com"]

[Event "Titled Tuesday Blitz December 20 Late 2022"]
[White "Stead, Kerry"]
[Black "Da Silva Junior, Sediney Mari"]
[WhiteFideId "3202577"]
[BlackFideId "2132079"]
[WhiteElo "1997"]
[BlackElo "1996"]
[Result "0-1"]
[Round "06"]
[TimeControl "180+1"]
[Date "2022.12.21"]
[WhiteClock "0:01:14"]
[BlackClock "0:00:05"]

1. d4 Nf6 2. f3 g6 3. e4 Bg7 4. Be3 O-O 5. Qd2 d6 6. Ne2 e5 7. d5 c6 8. c4 a6 9. a4 cxd5 10. cxd5 Nbd7 11. Nec3 Nh5 12. Na3 f5 13. Bg5 Bf6 14. Bxf6 Ndxf6 15. Be2 fxe4 16. fxe4 Nf4 17. Bf3 Ng4 18. O-O-O b5 19. axb5 axb5 20. Ncxb5 Ba6 21. Nc3 Nd3+ 22. Kb1 Ngf2 23. Be2 Nxd1 24. Bxd3 Nxc3+ 25. Qxc3 Bxd3+ 26. Qxd3 Rf2 27. Rf1 Rxf1+ 28. Qxf1 Qb6 29. Qf6 Rf8 30. Qe6+ Kg7 31. Nc4 Rf1+ 32. Kc2 Rf2+ 33. Nd2 Qc7+ 34. Kd3 Rxg2 35. Ke3 Rxh2 36. Nf3 Qc5+ 37. Kd3 Qb5+ 38. Kc3 Qxb2+ 39. Kd3 Qb3# 0-1


[Site "https://www.chess.com"]

[Event "Titled Tuesday Blitz December 20 Late 2022"]
[White "Szyszylo, Rafal"]
[Black "Broca Jimenez, Fernando"]
[WhiteFideId "1109626"]
[BlackFideId "5104742"]
[WhiteElo "1981"]
[BlackElo "2062"]
[Result "0-1"]
[Round "06"]
[TimeControl "180+1"]
[Date "2022.12.21"]
[WhiteClock "0:00:13"]
[BlackClock "0:00:21"]

1. e4 c5 2. Nf3 g6 3. c3 Bg7 4. d4 cxd4 5. cxd4 d5 6. e5 Bg4 7. Nbd2 Nc6 8. h3 Bxf3 9. Nxf3 e6 10. Bg5 Qb6 11. Qd2 h6 12. Be3 Nge7 13. g4 g5 14. Bd3 Rc8 15. Kf1 Nb4 16. Bb1 Ng6 17. Kg2 O-O 18. a3 Nc6 19. h4 Na5 20. Ba2 gxh4 21. b4 Nc4 22. Bxc4 Rxc4 23. Bxh6 Bxh6 24. Qxh6 Rxd4 25. Rxh4 Rc8 26. Nxd4 Qxd4 27. Rah1 Rc2 28. Qh7+ Kf8 29. Qh6+ Ke8 30. Qg5 Qxf2+ 31. Kh3 Qg2# 0-1


[Site "https://www.chess.com"]

[Event "Titled Tuesday Blitz December 20 Late 2022"]
[White "Tanenbaum, Zachary"]
[Black "Dzierzak, Radoslaw"]
[WhiteFideId "2060850"]
[BlackFideId "1161407"]
[WhiteElo "2175"]
[BlackElo "2111"]
[Result "1-0"]
[Round "06"]
[TimeControl "180+1"]
[Date "2022.12.21"]
[WhiteClock "0:01:11"]
[BlackClock "0:02:06"]

1. e4 c6 2. d4 d5 3. exd5 cxd5 4. Bd3 Nc6 5. c3 Nf6 6. Bf4 Bg4 7. Qb3 Qc8 8. Nd2 e6 9. Ngf3 Be7 10. O-O Bxf3 11. Nxf3 O-O 12. Qc2 a6 13. a4 Re8 14. Ne5 Bf8 15. Bg5 h6 16. Bxf6 gxf6 17. Bh7+ Kg7 18. f4 f5 19. Bxf5 exf5 20. Rf3 Re6 21. Qxf5 Rxe5 22. Rg3+ Kh8 23. Qf6+ Kh7 24. Qxf7+ Kh8 25. Qg8# 1-0


[Site "https://www.chess.com"]

[Event "Titled Tuesday Blitz December 20 Late 2022"]
[White "Tang, Andrew"]
[Black "Bryakin, Mikhail"]
[WhiteFideId "2059630"]
[BlackFideId "4165314"]
[WhiteElo "2582"]
[BlackElo "2391"]
[Result "1/2-1/2"]
[Round "06"]
[TimeControl "180+1"]
[Date "2022.12.20"]
[WhiteClock "0:00:12"]
[BlackClock "0:00:03"]

1. d4 Nf6 2. c4 d6 3. Nc3 e5 4. Nf3 Nbd7 5. g3 c6 6. Bg2 Be7 7. O-O Qc7 8. b4 O-O 9. a4 a5 10. b5 c5 11. dxe5 Nxe5 12. Nxe5 dxe5 13. Qc2 Be6 14. Nd5 Bxd5 15. cxd5 Rad8 16. e4 Ne8 17. Bb2 Bf6 18. Rae1 b6 19. f4 Qe7 20. Qc3 exf4 21. e5 Bg5 22. gxf4 Bh6 23. d6 Qd7 24. Rd1 Qg4 25. Qf3 Qxf3 26. Bxf3 Bxf4 27. Kg2 g5 28. h4 Ng7 29. Be4 h6 30. hxg5 Bxg5 31. Kf3 Ne6 32. Bd5 Kg7 33. Ke4 Rfe8 34. Bc4 Kg6 35. Rf3 Rd7 36. Rdf1 Red8 37. Kd5 Rc8 38. Bd3+ Kg7 39. Bc4 Kg6 40. Bc3 h5 41. Bd3+ Kg7 42. Bc4 Kg6 43. Rf5 h4 44. Ke4 Rh8 45. Bd3 h3 46. Rh1 Kg7 47. Rf3 h2 48. Rg3 Rh4+ 49. Kf3 Kh6 50. Rg4 Rh3+ 51. Rg3 Rh4 52. Rg4 Rh3+ 53. Ke4 Nf4 54. Bd2 Rxd3 55. Rxh2+ Kg6 56. Rxg5+ Kxg5 57. Bxf4+ Kg4 58. Kxd3 Kxf4 59. Re2 Kf5 60. Kc3 Ke6 61. Kc4 f6 62. exf6+ Kxd6 63. Rd2+ Ke6 64. Rxd7 Kxd7 65. Kd5 Ke8 66. Kc6 c4 67. Kxb6 c3 68. Ka7 c2 69. b6 c1=Q 70. b7 Qc5+ 71. Ka8 Qc6 72. Ka7 Qc7 73. Ka8 Qc6 74. Ka7 Qc5+ 75. Ka8 Qd5 76. Ka7 Qd4+ 77. Ka8 Qe4 78. Ka7 Qe3+ 79. Ka8 Qf3 80. Ka7 Qf2+ 81. Ka8 Qf3 82. Ka7 Qe3+ 83. Ka8 Qe4 84. Ka7 Qd4+ 85. Ka8 Qd5 86. Ka7 Qc5+ 1/2-1/2


[Site "https://www.chess.com"]

[Event "Titled Tuesday Blitz December 20 Late 2022"]
[White "Tari, Aryan"]
[Black "Jaracz, Pawel"]
[WhiteFideId "1510045"]
[BlackFideId "1102222"]
[WhiteElo "2620"]
[BlackElo "2460"]
[Result "0-1"]
[Round "06"]
[TimeControl "180+1"]
[Date "2022.12.20"]
[WhiteClock "0:00:03"]
[BlackClock "0:00:16"]

1. e4 c5 2. Nc3 Nc6 3. f4 g6 4. Nf3 Bg7 5. Bb5 Nd4 6. O-O a6 7. Bd3 d6 8. Nxd4 cxd4 9. Ne2 Nf6 10. c3 dxc3 11. dxc3 O-O 12. h3 b5 13. Be3 Bb7 14. Ng3 Qc7 15. a4 Bc6 16. axb5 axb5 17. Qb3 Qb7 18. Qb4 h5 19. Bd4 h4 20. Bxf6 Bxf6 21. Nh1 Ra4 22. Rxa4 bxa4 23. Qxb7 Bxb7 24. Nf2 Ra8 25. Ng4 Bg7 26. e5 a3 27. b4 a2 28. Ra1 Bd5 29. Ne3 Be6 30. Bc4 dxe5 31. f5 gxf5 32. Nd5 Bxd5 33. Bxd5 Ra3 34. Rxa2 Rxc3 35. Ra8+ Bf8 36. b5 Rc1+ 37. Kf2 Rb1 38. Rb8 e6 39. Bc6 Kg7 40. Rb7 Bc5+ 41. Ke2 e4 42. Kd2 Bd4 43. Rd7 Rb4 44. Kc2 Kf6 45. Rb7 Rb2+ 46. Kc1 Rb4 47. Kc2 Ke5 48. Rxf7 Rb2+ 49. Kc1 Rxg2 50. Re7 Rb2 51. Bd7 Kd6 52. Rh7 Rb4 53. Bc6 Be3+ 54. Kc2 Bd4 55. Rxh4 e3 56. Kd3 Rb3+ 57. Kc4 Rc3+ 58. Kxd4 e2 59. Kxc3 e1=Q+ 60. Kc4 Qxh4+ 0-1


[Site "https://www.chess.com"]

[Event "Titled Tuesday Blitz December 20 Late 2022"]
[White "Tarnowska, Aleksandra"]
[Black "Peatman, Carter"]
[WhiteFideId "1180967"]
[BlackFideId "2096480"]
[WhiteElo "1776"]
[BlackElo "2420"]
[Result "0-1"]
[Round "06"]
[TimeControl "180+1"]
[Date "2022.12.21"]
[WhiteClock "0:00:03"]
[BlackClock "0:00:11"]

1. e4 e5 2. Nf3 Nf6 3. Nxe5 d6 4. Nf3 Nxe4 5. d3 Nf6 6. d4 d5 7. Bd3 Bd6 8. O-O O-O 9. h3 h6 10. Re1 c6 11. Nbd2 a5 12. Nf1 a4 13. c3 Nbd7 14. Nh4 Re8 15. Rxe8+ Qxe8 16. Nf5 Bf8 17. N1g3 Nb6 18. Bf4 Nc4 19. Rb1 b5 20. Bc2 Be6 21. Qd3 Qd7 22. Nh4 g6 23. Be5 Bg7 24. b3 Na3 25. Re1 Nxc2 26. Qxc2 axb3 27. axb3 Qa7 28. Qd3 Re8 29. Qf3 Qd7 30. Bxf6 Bf8 31. Be5 Be7 32. Qe3 Bg5 33. Bf4 Bxh4 34. Bxh6 Bf6 35. Bg5 Bg7 36. Bf4 f6 37. Qd3 Bf7 38. Bd2 Ra8 39. Qe2 Bf8 40. Qe3 Re8 41. Qd3 Rb8 42. Qe2 Ra8 43. Qd3 Qa7 44. Qe3 Qa2 45. Qf4 Qxb3 46. Qxf6 Bg7 47. Qg5 Qc2 48. h4 Ra2 49. Be3 Qxc3 50. Rc1 Ra1 51. Rxa1 Qxa1+ 52. Kh2 b4 53. Qd8+ Bf8 54. Qg5 b3 55. h5 Qb1 56. h6 Qd3 57. Qf6 b2 58. h7+ Kxh7 59. Qh4+ Kg8 60. Qg5 b1=Q 61. Nh5 Qf5 62. Nf6+ Kh8 63. Qh4+ Qh5 64. Nxh5 gxh5 65. Qg5 Qg6 66. Qf4 Kg7 67. Qe5+ Kg8 68. Qf4 Bd6 69. g3 Bxf4 70. Bxf4 Qg4 71. Be5 Be6 72. Kg1 Qf3 73. Kf1 Bf5 74. Bd6 Bd3+ 75. Ke1 Qe2# 0-1


[Site "https://www.chess.com"]

[Event "Titled Tuesday Blitz December 20 Late 2022"]
[White "Tatarinov, Dmitry"]
[Black "Crevatin, Leo"]
[WhiteFideId "24160067"]
[BlackFideId "1726307"]
[WhiteElo "2326"]
[BlackElo "2190"]
[Result "1/2-1/2"]
[Round "06"]
[TimeControl "180+1"]
[Date "2022.12.21"]
[WhiteClock "0:00:53"]
[BlackClock "0:00:32"]

1. Nf3 Nf6 2. g3 d5 3. Bg2 c6 4. c4 Bg4 5. O-O e6 6. Qb3 Qb6 7. d3 Qxb3 8. axb3 Nbd7 9. Be3 a6 10. Nc3 Bd6 11. Rfe1 h6 12. Na4 O-O 13. h3 Bf5 14. Bd4 Rfd8 15. Nb6 Nxb6 16. Bxb6 Re8 17. Nd4 Bg6 18. e4 dxe4 19. dxe4 Nd7 20. Ba5 Bc5 21. Rad1 Bb6 22. Bc3 Nc5 23. b4 Na4 24. c5 Nxc3 25. bxc3 Bc7 26. e5 Red8 27. f4 Rd7 28. Nxc6 Rxd1 29. Ne7+ Kf8 30. Nxg6+ fxg6 31. Rxd1 a5 32. b5 a4 33. b6 Bd8 34. Bxb7 Rb8 35. Be4 Be7 36. b7 Bxc5+ 37. Kf1 a3 38. Ke2 Ke7 39. Rd2 Ba7 40. Kd1 Rd8 41. Rxd8 Kxd8 42. Kc2 Kc7 43. Bxg6 Kxb7 44. Bf7 Bf2 45. g4 Bg3 46. Bxe6 Bxf4 47. Bd5+ Kc7 48. e6 Bd6 49. Ba2 g6 50. Kd3 h5 51. gxh5 gxh5 52. Ke4 Be7 53. Kd5 h4 54. c4 Kb6 55. Ke5 Kc5 56. Kf5 Kd6 57. Bb3 Bd8 58. Ba2 Be7 59. Bb1 Bd8 60. c5+ Kxc5 61. Kg6 Kd6 62. Kf7 Bg5 63. Ba2 Be7 64. Bb3 Bg5 65. Ba2 Be7 66. Kg6 Bd8 67. Kf7 Be7 1/2-1/2


[Site "https://www.chess.com"]

[Event "Titled Tuesday Blitz December 20 Late 2022"]
[White "Tologon tegin, Semetei"]
[Black "Movahed, Sina"]
[WhiteFideId "13800574"]
[BlackFideId "42520835"]
[WhiteElo "2571"]
[BlackElo "2778"]
[Result "0-1"]
[Round "06"]
[TimeControl "180+1"]
[Date "2022.12.21"]
[WhiteClock "0:00:01"]
[BlackClock "0:00:14"]

1. e4 c5 2. Nf3 d6 3. d4 cxd4 4. Nxd4 Nf6 5. Nc3 g6 6. Be3 a6 7. f3 h5 8. Qd2 Nbd7 9. h3 b5 10. a4 bxa4 11. Rxa4 Bg7 12. Nc6 Qc7 13. Rc4 Nb6 14. Rb4 Qxc6 15. Rxb6 Qc7 16. Be2 O-O 17. O-O Be6 18. Ra1 Rfb8 19. Rxb8+ Rxb8 20. Qc1 Bc4 21. Bxc4 Qxc4 22. Ra4 Rb4 23. Ra3 e6 24. Qf1 Qxf1+ 25. Kxf1 Rxb2 26. Rxa6 Rxc2 27. Nb5 d5 28. Ra8+ Kh7 29. Nd6 Rc7 30. e5 Ng8 31. f4 Nh6 32. Bb6 Rd7 33. Rd8 Rxd8 34. Bxd8 Kg8 35. Ke2 Nf5 36. Kd3 Kf8 37. g4 hxg4 38. hxg4 Nxd6 39. exd6 Ke8 40. Bc7 Kd7 41. f5 exf5 42. gxf5 gxf5 43. Ke3 Be5 44. Bb6 Kxd6 45. Ba7 Kc6 46. Kf3 Kb5 47. Bf2 f6 48. Bh4 Kc4 49. Be1 d4 50. Ba5 d3 51. Bd2 f4 52. Kf2 f5 53. Kf3 Kb3 54. Ba5 Kc2 55. Bb6 d2 56. Bd4 d1=Q+ 0-1


[Site "https://www.chess.com"]

[Event "Titled Tuesday Blitz December 20 Late 2022"]
[White "Toncheva, Nadya"]
[Black "Leitao, Rafael"]
[WhiteFideId "2924056"]
[BlackFideId "2101246"]
[WhiteElo "2101"]
[BlackElo "2609"]
[Result "1-0"]
[Round "06"]
[TimeControl "180+1"]
[Date "2022.12.21"]
[WhiteClock "0:00:18"]
[BlackClock "0:00:23"]

1. d4 Nf6 2. c4 e6 3. Nc3 Bb4 4. e3 O-O 5. Ne2 d5 6. a3 Bd6 7. c5 Be7 8. Nf4 c6 9. Bd3 Nbd7 10. O-O e5 11. Nfe2 Re8 12. b4 e4 13. Bc2 Nf8 14. f3 exf3 15. Rxf3 Ng6 16. e4 dxe4 17. Nxe4 Nxe4 18. Bxe4 Bf6 19. Bxg6 hxg6 20. Bb2 Bg4 21. Rf2 Qd5 22. h3 Bxe2 23. Rxe2 Rxe2 24. Qxe2 Bxd4+ 25. Kh1 Bxb2 26. Qxb2 Re8 27. Rf1 Re3 28. Kg1 Qd3 29. Qf2 Qxa3 30. Qxf7+ Kh7 31. Rf4 Qa1+ 32. Rf1 Re1 33. Rxe1 Qxe1+ 34. Kh2 Qxb4 35. Qe7 a5 36. h4 a4 37. h5 Qh4+ 38. Qxh4 1-0


[Site "https://www.chess.com"]

[Event "Titled Tuesday Blitz December 20 Late 2022"]
[White "UnknownMagician"]
[Black "Mekhitarian, Krikor Sevag"]
[BlackFideId "2107660"]
[WhiteElo "2641"]
[BlackElo "2813"]
[Result "0-1"]
[Round "06"]
[TimeControl "180+1"]
[Date "2022.12.21"]
[WhiteClock "0:01:34"]
[BlackClock "0:01:48"]

1. c4 b6 2. Nf3 Bb7 3. e3 g6 4. Be2 Bg7 5. O-O Nf6 6. Nc3 O-O 7. b3 c5 8. Bb2 d5 9. cxd5 Nxd5 10. Qc2 Nc6 11. Nxd5 Qxd5 12. Bxg7 Kxg7 13. Rfd1 e5 14. d3 Rac8 15. a3 h6 16. Qc4 Qd6 17. Rac1 Rfd8 18. Nd2 Ne7 19. Bf3 Bxf3 20. Nxf3 Nd5 21. Qe4 Re8 22. h3 a6 23. b4 cxb4 24. Rxc8 Rxc8 25. axb4 Nc3 0-1


[Site "https://www.chess.com"]

[Event "Titled Tuesday Blitz December 20 Late 2022"]
[White "Van Foreest, Jorden"]
[Black "Gorodetzky, David"]
[WhiteFideId "1039784"]
[BlackFideId "2813416"]
[WhiteElo "2663"]
[BlackElo "2484"]
[Result "1-0"]
[Round "06"]
[TimeControl "180+1"]
[Date "2022.12.20"]
[WhiteClock "0:00:57"]
[BlackClock "0:00:37"]

1. e4 e5 2. Nf3 Nc6 3. Bb5 a6 4. Ba4 Nf6 5. d3 Bc5 6. c3 d6 7. O-O Ba7 8. h3 O-O 9. Re1 Re8 10. Nbd2 d5 11. exd5 Qxd5 12. Ne4 Nxe4 13. dxe4 Qxd1 14. Rxd1 f6 15. Ne1 Be6 16. Bxc6 bxc6 17. Nc2 Reb8 18. b3 a5 19. Be3 a4 20. Bxa7 Rxa7 21. b4 a3 22. Ne3 c5 23. bxc5 Ra5 24. c4 Kf7 25. Rd3 Rb2 26. Rb3 g6 27. c6 f5 28. Rb7 fxe4 29. Rxc7+ Kf6 30. Rxh7 Rc5 31. Ra7 Rxc6 32. Rxa3 Rd6 33. c5 Rdd2 34. c6 Rxf2 35. c7 Rfe2 36. Ra6 1-0


[Site "https://www.chess.com"]

[Event "Titled Tuesday Blitz December 20 Late 2022"]
[White "Veiga, Jose Francisco R P Neves"]
[Black "Shoker, Samy"]
[WhiteFideId "1930087"]
[BlackFideId "627143"]
[WhiteElo "2320"]
[BlackElo "2493"]
[Result "0-1"]
[Round "06"]
[TimeControl "180+1"]
[Date "2022.12.21"]
[WhiteClock "0:00:04"]
[BlackClock "0:00:49"]

1. Nf3 g6 2. d4 Bg7 3. e4 d6 4. Nc3 a6 5. a4 b6 6. Bc4 e6 7. O-O Bb7 8. Bf4 h6 9. h3 Ne7 10. Qe2 Nd7 11. Rad1 g5 12. Bh2 O-O 13. Rfe1 Ng6 14. Qe3 Qe7 15. e5 dxe5 16. Nxe5 Ngxe5 17. dxe5 Rfd8 18. f4 Qc5 19. Rd4 gxf4 20. Bxf4 Nf8 21. Rxd8 Qxe3+ 22. Rxe3 Rxd8 23. Rd3 Rxd3 24. cxd3 Ng6 25. Bg3 Nxe5 26. Kf2 Kf8 27. Bf4 Ke7 28. g4 c6 29. Ke3 b5 30. axb5 cxb5 31. Ba2 Nc6 32. h4 Nb4 33. Bb1 Bc6 34. d4 a5 35. h5 a4 36. g5 hxg5 37. Bxg5+ Bf6 38. Bf4 Bh8 39. h6 Nd5+ 40. Nxd5+ Bxd5 41. h7 b4 42. Kd3 a3 43. bxa3 bxa3 44. Bg5+ f6 45. Bc1 a2 46. Bxa2 Bxa2 47. Ke3 Bb1 48. Ba3+ Kf7 49. Kf4 Bxh7 50. d5 exd5 0-1


[Site "https://www.chess.com"]

[Event "Titled Tuesday Blitz December 20 Late 2022"]
[White "Vetoshko, Volodymyr"]
[Black "Janaszak, Dawid"]
[WhiteFideId "14122480"]
[BlackFideId "1119206"]
[WhiteElo "2422"]
[BlackElo "2220"]
[Result "1-0"]
[Round "06"]
[TimeControl "180+1"]
[Date "2022.12.21"]
[WhiteClock "0:00:24"]
[BlackClock "0:00:06"]

1. e4 c5 2. Nf3 Nc6 3. Bb5 e5 4. O-O Nge7 5. Re1 g6 6. c3 Bg7 7. d4 cxd4 8. cxd4 Nxd4 9. Nxd4 exd4 10. Bf4 Qb6 11. Na3 O-O 12. Qa4 d5 13. exd5 Nxd5 14. Nc4 Qf6 15. Be5 Qh4 16. g3 Qh3 17. Bxg7 Kxg7 18. Nd6 Be6 19. Qxd4+ Kg8 20. Ne4 Rfd8 21. Bc4 Nf4 22. Nf6+ Kh8 23. Qxf4 Bxc4 24. Qxc4 Rd6 25. Ne4 Rd7 26. Qc3+ 1-0


[Site "https://www.chess.com"]

[Event "Titled Tuesday Blitz December 20 Late 2022"]
[White "White, John S."]
[Black "Marcolino, Daniel Mattos"]
[WhiteFideId "2502348"]
[BlackFideId "2106841"]
[WhiteElo "1950"]
[BlackElo "2128"]
[Result "0-1"]
[Round "06"]
[TimeControl "180+1"]
[Date "2022.12.21"]
[WhiteClock "0:00:01"]
[BlackClock "0:00:06"]

1. e4 c6 2. d4 d5 3. Nc3 dxe4 4. Nxe4 Nd7 5. Nf3 Ngf6 6. Nxf6+ Nxf6 7. c4 Bg4 8. Be2 e6 9. O-O Be7 10. h3 Bh5 11. Be3 O-O 12. Qb3 Qc7 13. Rad1 Rfd8 14. Rfe1 Rab8 15. a4 b5 16. axb5 cxb5 17. cxb5 Nd5 18. Ne5 Bxe2 19. Rxe2 Rb6 20. Rc2 Qb7 21. Nc6 Re8 22. Qa4 Bd6 23. Qxa7 Rxb5 24. Qxb7 Rxb7 25. Rdc1 h5 26. Ne5 Rb3 27. Nc4 Nxe3 28. fxe3 Be7 29. Rc3 Rb4 30. Ne5 Rxb2 31. Nc6 Bf6 32. e4 Kh7 33. e5 Bg5 34. R1c2 Rxc2 35. Rxc2 Rc8 36. Nb4 Rxc2 37. Nxc2 Kg6 38. Kf2 Kf5 39. Kf3 Bc1 40. g4+ Kg5 41. Nb4 Bb2 42. Nc2 hxg4+ 43. hxg4 g6 44. Kg3 Bc1 45. Kf3 Bd2 46. Kg3 Bf4+ 47. Kf3 Bh2 0-1


[Site "https://www.chess.com"]

[Event "Titled Tuesday Blitz December 20 Late 2022"]
[White "Yedidia, Daniel"]
[Black "Hambleton, Aman"]
[WhiteFideId "30905907"]
[BlackFideId "2606577"]
[WhiteElo "2573"]
[BlackElo "2782"]
[Result "1-0"]
[Round "06"]
[TimeControl "180+1"]
[Date "2022.12.21"]
[WhiteClock "0:00:13"]
[BlackClock "0:00:01"]

1. d4 Nf6 2. c4 b6 3. f3 Nc6 4. e4 e5 5. d5 Bb4+ 6. Nc3 Ne7 7. Bd2 Ng6 8. Nge2 O-O 9. a3 Bxc3 10. Nxc3 Nh5 11. g3 d6 12. Bg2 f5 13. exf5 Bxf5 14. O-O Bd3 15. Rf2 Bxc4 16. f4 Nf6 17. Qa4 Bd3 18. f5 Ne7 19. g4 Qe8 20. Qd1 e4 21. g5 Nfxd5 22. Qb3 c6 23. f6 gxf6 24. gxf6 Ng6 25. Nxd5 cxd5 26. Qxd5+ Qf7 27. Qxd6 Rad8 28. Qg3 Kh8 29. Bh6 Rg8 30. Bg7+ Rxg7 31. fxg7+ Qxg7 32. Re1 Re8 33. Qxd3 Nh4 34. Rxe4 Rg8 35. Rxh4 Qg5 36. Qxh7# 1-0


[Site "https://www.chess.com"]

[Event "Titled Tuesday Blitz December 20 Late 2022"]
[White "Yuan, Qingyu"]
[Black "Young, Ryan"]
[WhiteFideId "8609772"]
[BlackFideId "2049945"]
[WhiteElo "2359"]
[BlackElo "2432"]
[Result "0-1"]
[Round "06"]
[TimeControl "180+1"]
[Date "2022.12.21"]
[WhiteClock "0:00:02"]
[BlackClock "0:00:20"]

1. e4 c5 2. Nf3 d6 3. d4 cxd4 4. Nxd4 Nf6 5. Nc3 a6 6. Rg1 e5 7. Nb3 Be6 8. g4 d5 9. exd5 Nxd5 10. Nxd5 Qxd5 11. Be3 Nc6 12. Bg2 Qxd1+ 13. Rxd1 Rc8 14. c3 Be7 15. g5 O-O 16. Nc5 Bxc5 17. Bxc5 Rfd8 18. a3 Bb3 19. Rd2 Rxd2 20. Kxd2 Rd8+ 21. Kc1 Bd5 22. Bxd5 Rxd5 23. Be3 Kf8 24. Kc2 Ne7 25. a4 Nf5 26. Bb6 Ke8 27. Rg4 Rd6 28. Bc7 Re6 29. Rc4 Kd7 30. Bb8 Re7 31. Rc7+ Ke6 32. Rc8 h6 33. gxh6 Nxh6 34. b4 Ng4 35. f4 e4 36. h3 Ne3+ 37. Kd2 Nd5 38. Rd8 Rd7 39. Re8+ Kf6 40. Kc2 e3 0-1


[Site "https://www.chess.com"]